 Dungeon Crawl Stone Soup version 0.31-b1-18-g61460d1e46 (webtiles) character file.

Game seed: 1877177388797437404

1843 groovy9 the Destroyer (level 8, -19/41 HPs)
             Began as a Deep Elf Conjurer on Jan 16, 2024.
             Was a Follower of Vehumet.
             Hit by a large rock thrown by a cyclops (43 damage)
             ... on level 7 of the Dungeon.
             The game lasted 00:18:29 (6737 turns).

groovy9 the Destroyer (Deep Elf Conjurer)           Turns: 6737, Time: 00:18:30

Health: -19/41     AC:  8    Str:  6    XL:     8   Next: 88%
Magic:  18/22      EV: 12    Int: 26    God:    Vehumet [*.....]
Gold:   330        SH:  0    Dex:  8    Spells: 13/24 levels left

rFire   + + .        t - staff "Mippih" {Str+2 Conj}
rCold   + + .        x - orb {light}
rNeg    + . .        u - +2 robe {rC+ rF+}
rPois   +            (no helmet)
rElec   .            p - +0 cloak
rCorr   .            v - +0 pair of gloves
SInv    .            j - +1 pair of boots
Will    .....        (no amulet)
Stlth   +            n - ring of Compassion {Fly rPois rC+ rN+ Dex-5}
HPRegen 0.26/turn    l - ring of protection from fire
MPRegen 0.18/turn

%: no passive effects
@: flying, glowing
A: no striking features
a: Renounce Religion


You were on level 7 of the Dungeon.
You worshipped Vehumet.
Vehumet was aware of your devotion.
You visited 2 branches of the dungeon, and saw 8 of its levels.

You collected 361 gold pieces.
You spent 31 gold pieces at shops.

Inventory:

Armour
 j - a +1 pair of boots (worn)
 p - a +0 cloak (worn)
 u - a +2 robe of resistance (worn)
 v - a +0 pair of gloves (worn)
 w - a +1 robe of willpower
 x - an orb of light (worn)
 y - a +0 buckler
Magical Staves
 t - the staff "Mippih" (weapon) {Str+2 Conj}
   (You acquired it on level 4 of the Dungeon)

   [staff of conjuration]

   Base accuracy: +5 Base damage: 5 Base attack delay: 1.2 This weapon's minimum
   attack delay (0.6) is reached at skill level 12.
   Str+2:     It affects your strength (+2).
   Conj:      It increases the power of your Conjurations spells.
   It falls into the 'Staves' category.
   It is a one-handed weapon.
Jewellery
 f - a ring of see invisible
 k - a +5 ring of evasion
 l - a ring of protection from fire (right hand)
 n - the ring of Compassion (left hand) {Fly rPois rC+ rN+ Dex-5}
   (You acquired it on level 4 of the Dungeon)

   [ring of flight]

   Dex-5:     It affects your dexterity (-5).
   rC+:       It protects you from cold.
   rPois:     It protects you from poison rN+: It protects you from negative
   energy.
   Fly:       It grants you flight.
Scrolls
 a - a scroll of revelation
 d - 2 scrolls of fog
 g - a scroll of brand weapon {unknown}
 i - 2 scrolls of enchant weapon {unknown}
 o - 3 scrolls of teleportation
 q - a scroll of noise {unknown}
 r - 2 scrolls of amnesia
Potions
 b - 3 potions of magic
 c - 3 potions of heal wounds
 e - a potion of ambrosia {unknown}
 h - a potion of might {unknown}
 m - 4 potions of curing
 s - a potion of enlightenment {unknown}


   Skills:
 - Level 2.4 Dodging
 + Level 6.1 Stealth
 + Level 8.5 Spellcasting
 * Level 10.5 Conjurations


You had 13 spell levels left.
You knew the following spells:

 Your Spells              Type           Power      Damage    Failure   Level
a - Magic Dart            Conj           100%       1d8       1%          1
b - Searing Ray           Conj           100%       2d8       1%          2
c - Fulminant Prism       Conj/Alch      27%        3d13      6%          4
d - Iskenderun's Mystic   Conj/Tloc      55%        2d12      6%          4

Your spell library contained the following spells:

 Spells                   Type           Power      Damage    Failure   Level
 Kiss of Death            Conj/Necr      100%       2d13      1%          1


Dungeon Overview and Level Annotations

Branches:
Dungeon (7/15)             Temple (1/1) D:5

Altars:
Cheibriados
Dithmenos
Elyvilon
Fedhas
Hepliaklqana
Kikubaaqudgha
Makhleb
Nemelex Xobeh
Okawaru
Qazlal
Ru
Uskayaw
Vehumet
Xom
Yredelemnul
Zin
The Shining One

Shops:
D:1 (   D:6 *


Message History

The centaur shouts!
The centaur wields a +2 orcbow of freezing.
It is covered in frost.
The centaur shoots an arrow.
The arrow misses you.
Casting: Iskenderun's Mystic Blast (quite dangerous; 6% risk of failure)
Confirm with . or Enter, or press ? or * to list all spells.
Aiming: Searing Ray (safe; 1% risk of failure)
Press: ? - help, Shift-Dir - straight line, f - orc
Aim: an orc, wielding a +0 hand axe and wearing a +0 leather armour (haloed, 87% to hit)
You feel a surge of power!
The searing ray hits the orc!
You kill the orc!
Vehumet accepts your kill. (Press . to maintain the ray.)
The centaur shoots an arrow.
The arrow hits you.
Casting: Searing Ray (safe; 1% risk of failure)
Confirm with . or Enter, or press ? or * to list all spells.
Aiming: Magic Dart (safe; 1% risk of failure)
Press: ? - help, Shift-Dir - straight line, f - centaur
Aim: a centaur, wielding a +2 orcbow of freezing (100% to hit)
You feel a surge of power!
The magic dart hits the centaur!
The centaur is moderately wounded.
The centaur shoots an arrow.
The arrow hits you.
The centaur shoots an arrow.
The arrow hits you but does no damage.
Casting: Magic Dart (safe; 1% risk of failure)
Confirm with . or Enter, or press ? or * to list all spells.
Aiming: Searing Ray (safe; 1% risk of failure)
Press: ? - help, Shift-Dir - straight line, f/p - centaur
Aim: a centaur, wielding a +2 orcbow of freezing (moderately wounded, 90% to hit)
You feel a surge of power!
The searing ray hits the centaur!
The centaur is severely wounded. (Press . to maintain the ray.)
The centaur shoots an arrow.
The arrow hits you! The arrow freezes you.
The searing ray hits the centaur.
You kill the centaur!
Vehumet accepts your kill.
You start resting.
A cyclops comes into view.
A cyclops is nearby!
The cyclops throws a large rock.
The large rock hits you!!!
Ouch! That really hurt!
You die...

#.......##.....#
#####....#.....#
###
#.......###.###
....##.#...###
#.# #......###
#_# ###...## ###
##...##
......#..####
....####...@#####
...## ####.....#
.# ###.).)C(.
....... ......$
#######


You could see a cyclops.

Vanquished Creatures
  A hornet (D:7)
  2 ice beasts (D:5)
  2 black bears (D:6)
  An ogre (D:4)
  A centaur (D:7)
  A kobold brigand (D:6)
  A bullfrog (D:6)
  A scorpion (D:6)
  A gnoll sergeant (D:7)
  A wyvern zombie (D:7)
  A centaur zombie (D:7)
  6 hounds
  A jelly (D:6)
  A gnoll bouda (D:6)
  3 orc priests
  Crazy Yiuf (D:4)
  2 sleepcaps (D:6)
  2 iguanas
  2 orc wizards
  7 gnolls
  10 adders
  A shadow imp (D:5)
  A dart slug (D:1)
  A ribbon worm (D:3)
  23 orcs
  5 ball pythons
  7 bats
  6 endoplasms
  3 giant cockroaches
  7 goblins
  7 hobgoblins
  2 jackals (D:3)
  2 quokkas
  3 frilled lizards
  8 kobolds
  2 rats
126 creatures vanquished.

Vanquished Creatures (others)
  3 fulminant prisms
3 creatures vanquished.

Grand Total: 129 creatures vanquished

Notes
Turn   | Place    | Note
-------+----------+-------------------------------------------
     0 | D:1      | groovy9 the Deep Elf Conjurer began the quest for the Orb.
     0 | D:1      | Reached XP level 1. HP: 10/10 MP: 6/6
   217 | D:1      | Found Kashred's Antique Weapon Shoppe.
   292 | D:1      | Reached XP level 2. HP: 15/15 MP: 4/8
   840 | D:1      | Reached skill level 5 in Conjurations
  1171 | D:2      | Learned a level 2 spell: Searing Ray
  1237 | D:2      | Reached XP level 3. HP: 19/19 MP: 3/10
  1966 | D:3      | Reached XP level 4. HP: 24/24 MP: 9/12
  1971 | D:3      | Learned a level 4 spell: Fulminant Prism
  2084 | D:3      | Reached skill level 6 in Conjurations
  2262 | D:3      | Found a faded altar of an unknown god.
  2286 | D:3      | Reached XP level 5. HP: 28/28 MP: 8/14
  2392 | D:3      | Found an ancient bone altar of Kikubaaqudgha.
  2876 | D:4      | Identified 2 scrolls of acquirement
  2877 | D:4      | Acquired the staff "Mippih" {Str+2 Conj}
  2954 | D:4      | Reached skill level 5 in Spellcasting
  3102 | D:4      | Acquired the ring of Compassion {Fly rPois rC+ rN+ Dex-5}
  3180 | D:4      | Found a sparkling altar of Nemelex Xobeh.
  3221 | D:4      | Noticed an ogre
  3227 | D:4      | Learned a level 4 spell: Iskenderun's Mystic Blast
  3232 | D:4      | Killed an ogre
  3233 | D:4      | Reached skill level 7 in Conjurations
  3233 | D:4      | Reached XP level 6. HP: 32/32 MP: 0/16
  3374 | D:4      | Found a glowing silver altar of Zin.
  3457 | D:4      | Found a runed translucent door.
  3458 | D:4      | Noticed Crazy Yiuf
  3464 | D:4      | Killed Crazy Yiuf
  3754 | D:5      | Entered Level 5 of the Dungeon
  3754 | D:5      | Noticed an ice beast
  3758 | D:5      | Killed an ice beast
  3907 | D:5      | Found a staircase to the Ecumenical Temple.
  3921 | Temple   | Entered the Ecumenical Temple
  3952 | Temple   | Became a worshipper of Vehumet
  4100 | D:5      | Reached skill level 8 in Conjurations
  4100 | D:5      | Reached XP level 7. HP: 35/36 MP: 10/18
  5225 | D:6      | Reached skill level 9 in Conjurations
  5418 | D:6      | Reached XP level 8. HP: 35/41 MP: 10/20
  5573 | D:6      | Reached * piety under Vehumet
  5573 | D:6      | Offered knowledge of Kiss of Death by Vehumet.
  5992 | D:6      | Reached skill level 5 in Stealth
  6204 | D:6      | Found Yrumaa Pacs's Assorted Antiques.
  6209 | D:6      | Bought a scroll labelled ZUXAWO GUMNOTS for 31 gold pieces
  6244 | D:7      | Noticed a hornet
  6447 | D:7      | Killed a hornet
  6448 | D:7      | Reached skill level 10 in Conjurations
  6659 | D:7      | Found a basalt altar of Yredelemnul.
  6736 | D:7      | Noticed a cyclops
  6737 | D:7      | Hit by a large rock thrown by a cyclops

Illustrated notes

Levels and vault maps discovered:
D:1:      zelgadis_glass_arrival_small, layout_loops_corners, serial_shops,
          shop_statue, st_stairs_13
D:2:      layout_rooms
D:3:      layout_loops_ring, mainiacjoe_overflow_six_doors_small,
          chequers_ecumenical_altar_lobes
D:4:      layout_cave_pools, mainiacjoe_overflow_surrounded_room,
          old_standard_altar, kennysheep_flooded_box, uniq_crazy_yiuf_cottage
D:5:      layout_loops_ring, minmay_temple_entry_stoned_glass,
          nicolae_the_louvre
D:6:      layout_loops_corners, serial_shops, nicolae_shop_window_shopping,
          serial_glass, glass_columns_c, glass_columns_b, feat_on_display
D:7:      layout_rooms, lemuel_zombie_altar_yredelemnul, sigmund_army,
          uniq_jeremiah
Temple:   oiseaux_autumnal_temple

Skill      XL: |  1  2  3  4  5  6  7  8 |
---------------+-------------------------+-----
Conjurations   | 5 6 7 8 9 10 | 10.5
Spellcasting   | 4 5 6 7 8 |  8.5
Stealth        | 4 6 |  6.1
Dodging        | |  2.4

Action                     |  1- 3 |  4- 6 |  7- 9 || total
---------------------------+-------+-------+-------++-------
  Melee: Staff             |       |     1 |       ||     1
   Cast: Magic Dart        |    61 |    31 |     9 ||   101
         Searing Ray       |     6 |    21 |    41 ||    68
         Iskenderun's Myst |       |     6 |    14 ||    20
         Fulminant Prism   |       |     1 |     2 ||     3
    Use: Scroll            |       |     7 |     3 ||    10
 Armour: Robe              |     1 |     7 |    21 ||    29
  Dodge: Dodged            |     4 |     3 |    20 ||    27
